Unix NetHack Version 5.0.0-0 post-release - last build Jun 10 2026 00:39:30 (3ee93aec679c4c4259841fe613dc97188e26a321,branch:main).

Game began 2026-06-18 15:15:44, ended 2026-06-18 20:50:31.

Fletchius, lawful male dwarven Archeologist

                           ------
   - ---   ----            |....|            .--
  -.--.----|..------     ---....--          ....-
 |.....G..--..+.--.--    |...--..|         ......|
 |..................|----#.-----.|         ...<....
---.........(.......--.....|   |.|         .........
|......G..G^...........--..|   |.|          .....^...
|F......^.......-----.----.|   |.|           -.......
---@...-...... .    ...  ---   |.--      ------......
  |.B*.             ...        |..--------..--...-..
  |...                         |...........`.......
  --.                          ------------------.

Fletchius the Field Worker  St:16 Dx:12 Co:11 In:15 Wi:15 Ch:8  Lawful
Dlvl:5  $:19 HP:0(29) Pw:16(16) AC:6  Xp:4 T:1958 

Latest messages:
 You descend the stairs.
 What do you want to use or apply? [ae-hw or ?*] ?
 Your lamp is now on.
 You find a bear trap.
 With great effort you move the boulder.
 You start digging.
 You hit the rock with all your might.
 You make an opening in the wall.
 You hit the giant ant.
 The giant ant bites!
 You miss the giant ant.
 The giant ant bites!
 You miss the giant ant.
 The giant ant bites!
 You hit the giant ant.
 The giant ant just misses!
 You miss the giant ant.
 The giant ant bites!
 You hit the giant ant.
 The giant ant bites!
 You miss the giant ant.
 The giant ant bites!
 You kill the giant ant!
 What do you want to read? [kmpqu or ?*] p
 As you read the scroll, it disappears.
 w - an uncursed magic lamp (lit).
 A board beneath the gnome squeaks a D flat loudly.
 You see here a tan spellbook.
 You see here a whistle.
 You find a level teleporter.
 x - a whistle.
 What do you want to use or apply? [ae-hwx or ?*] x
 You produce a high whistling sound.
 What do you want to call? [i-kor-tx or ?*] x
 Call a whistle: tin
 What do you want to drop? [$a-oq-uwx or ?*] x
 You drop a whistle called tin.
 The gnome shudders for a moment.
 The giant bat bites!
 The giant bat bites!
 You hit the giant bat.
 The giant bat bites!
 The giant bat bites!
 What do you want to read? [kmqu or ?*] m
 As you read the scroll, it disappears.
 Your pick-axe glows blue for a moment.
 The giant bat bites!
 The giant bat bites!
 You die...
 Do you want your possessions identified? [ynq] (y) q

Inventory:
 Coins    ('$')
  $ - 19 gold pieces
 Weapons  (')')
  a - a +2 bullwhip (alternate weapon; not wielded)
 Armor    ('[')
  c - a blessed +0 fedora (being worn)
  b - an uncursed +3 leather jacket (being worn)
 Comestibles  ('%')
  d - 6 uncursed food rations
  l - 2 blessed tins of spinach
 Scrolls  ('?')
  k - 2 uncursed scrolls of blank paper
  u - a blessed scroll of confuse monster
  q - an uncursed scroll of destroy armor
 Potions  ('!')
  j - an uncursed potion of gain energy
  i - 3 uncursed potions of healing
 Rings    ('=')
  r - a cursed -2 ring of increase damage
  o - an uncursed ring of levitation
  t - an uncursed ring of stealth
 Tools    ('(')
  h - an empty uncursed sack
  w - an uncursed magic lamp (lit)
  e - a +1 pick-axe (weapon in right hand)
  f - a tinning kit (0:48)
 Gems/Stones  ('*')
  n - an uncursed aquamarine stone
  s - an uncursed luckstone
  g - an uncursed touchstone

Fletchius the Archeologist's attributes:

Background:
 You were a Field Worker, a level 4 male dwarven Archeologist.
 You were lawful, nominally on a mission for Quetzalcoatl
 who was opposed by Camaxtli (neutral) and Huhetotl (chaotic).
 You were right-handed.
 You were in the Gnomish Mines, on level 5.
 You entered the dungeon 1958 turns ago.
 You had 104 experience points, 56 more were needed to attain level 5.

Basics:
 You had 0 out of 29 hit points.
 You had all 16 energy points (spell power).
 Your armor class was 6.
 Your wallet contained 19 zorkmids.
 Autopickup was off.

Final Characteristics:
 Your strength was 16 (limit:18/100).
 Your dexterity was 12 (limit:20).
 Your constitution was 11 (limit:20).
 Your intelligence was 15 (limit:16).
 Your wisdom was 15 (limit:16).
 Your charisma was 8 (limit:16).

Final Status:
 You weren't hungry.
 You were unencumbered.
 You were wielding a pick-axe.
 You had basic skill with pick-axe.

Final Attributes:
 You were devoutly aligned.
 You had automatic searching.
 You had infravision.
 You were lucky.
 You had extra luck.
 Bad luck did not time out for you.
 Good luck did not time out for you.
 You are dead.

Miscellaneous:
 You didn't encounter any bones levels.
 Total elapsed playing time was 1 hour, 49 minutes and 39 seconds.

Major events:
 Turn
    1: Fletchius the lawful male dwarven Archeologist entered the dungeon
  652: attained the rank of Field Worker (level 3)
 1874: entered the Gnomish Mines
 1958: killed by a giant bat

You didn't know any spells.

Skills:
 Fighting Skills
   bare handed combat [Unskilled]
   two weapon combat  [Unskilled]
   riding             [Unskilled]
 Weapon Skills
   dagger             [Unskilled]
   knife              [Unskilled]
   pick-axe           [Basic]
   short sword        [Unskilled]
   saber              [Unskilled]
   club               [Unskilled]
   quarterstaff       [Unskilled]
   sling              [Unskilled]
   dart               [Unskilled]
   boomerang          [Unskilled]
   whip               [Basic]
   unicorn horn       [Unskilled]
 Spellcasting Skills
   attack spells      [Unskilled]
   healing spells     [Unskilled]
   divination spells  [Unskilled]
   matter spells      [Unskilled]

Voluntary challenges:
 Character rerolling was not enabled.
 You were an atheist.
 You never genocided any monsters.
 You never polymorphed an object.
 You never changed form.
 You used no wishes.
Achievements:
 You attained the rank of Field Worker.
 You entered a shop.
 You entered the Gnomish Mines.

 The Dungeons of Doom: levels 1 to 4
    Level 1:
    Level 2:
    Level 3:
    Level 4:
       A vegetarian food shop, some fountains.
       Stairs down to The Gnomish Mines.
 The Gnomish Mines:
    Level 5: <- You were here.
       Final resting place for
          you, killed by a giant bat.


Vanquished creatures:
  a shrieker
  a giant ant
  a little dog
  a kobold leader
  2 giant bats
  2 dwarf zombies
  2 iguanas
 an acid blob
  2 giant rats
  a gnome
  5 garter snakes
  3 geckos
  6 jackals
  4 foxes
  3 kobolds
  a goblin
  3 grid bugs
  4 lichens
  a kobold zombie
  8 newts
52 creatures vanquished.

No species were genocided or became extinct.

Game over:
                       ----------
                      /          \
                     /    REST    \
                    /      IN      \
                   /     PEACE      \
                  /                  \
                  |    Fletchius     |
                  |      19 Au       |
                  |   killed by a    |
                  |    giant bat     |
                  |                  |
                  |                  |
                  |       2026       |
                 *|     *  *  *      | *
        _________)/\\_//(\/(/\)/\//\/|_)_______

Goodbye Fletchius the Archeologist...

You died in The Gnomish Mines on dungeon level 5 with 634 points,
and 19 pieces of gold, after 1958 moves.
You were level 4 with a maximum of 29 hit points when you died.

